AoeStats
← D4RKK

Nomad

510350082Analyzed
4v4 RM · 19h ago on Sep 30, 2026· 49m 5s· 8 players
Game mode
Random Map
Map size
231×231
Population
200
Speed
Normal
Resources
Standard
Victory
Conquest
Starting age
Dark Age
Ending age
Imperial Age
RankedLock teamsTeams togetherTeam positionsShared explorationLock speedFull tech treeHidden civsTurbo modeCheats
Victory
Defeat
🇮🇳 Japanese · India
1000
+11
🇨🇳 Persians · China
947
+13
🇨🇳 Bulgarians · China
941
+13
🇫🇷 Cumans · France
762
+20
🇺🇸 Teutons · United States
912
-16
🇪🇪 Vietnamese · Estonia
900
-15
🇨🇳 Franks · China
887
-15
🇺🇸 Spanish · United States
793
-11
kingjohnkk
4:55 Loom
17:11 Feudal Age
18:29 Wheelbarrow
LordSilwo
3:02 Loom
14:55 Feudal Age
17:54 Fishing Lines
21:06 Castle Age
19:23 Double-Bit Axe
22:27 Bow Saw
22:19 Gillnets
27:21 Fletching
27:55 Ballistics
27:33 Horse Collar
30:18 Crossbowman
32:07 Thumb Ring
32:03 Padded Archer Armor
32:35 Bodkin Arrow
38:53 Imperial Age
37:34 Leather Archer Armor
38:25 Wheelbarrow
38:31 Elite Skirmisher
39:07 Arbalester
40:33 Ring Archer Armor
41:57 Two-Man Saw
42:17 Bracer
43:38 Imperial Skirmisher
47:52 Chemistry
sujing810
5:51 Loom
18:09 Feudal Age
19:40 Wheelbarrow
18:59 Fishing Lines
19:37 Double-Bit Axe
23:51 Castle Age
24:52 Hand Cart
24:49 Bow Saw
28:01 Gold Mining
29:03 Stone Mining
31:29 Gold Shaft Mining
35:56 Forging
35:52 Scale Barding Armor
40:43 Husbandry
40:04 Light Cavalry
43:43 Imperial Age
42:39 Iron Casting
42:25 Chain Barding Armor
42:07 Pikeman
42:47 Squires
42:32 Gambesons
43:18 Town Watch
44:00 Fortified Wall
43:32 Treadmill Crane
43:50 Murder Holes
44:07 Masonry
44:45 Town Patrol
45:47 Blast Furnace
45:23 Plate Barding Armor
44:49 Scale Mail Armor
44:52 Cavalier
45:35 Chivalry
45:56 Conscription
46:18 Halberdier
48:07 Chemistry
47:39 Architecture
47:15 Siege Engineers
46:57 Arrowslits
48:17 Paladin
D4RKK
17:49 Feudal Age
18:18 Fishing Lines
23:51 Double-Bit Axe
23:59 Gold Mining
26:15 Scale Barding Armor
28:28 Castle Age
26:13 Loom
26:25 Stone Mining
29:55 Medium Warships
30:13 Bow Saw
34:05 Horse Collar
35:32 Padded Archer Armor
37:48 Wheelbarrow
39:10 Hand Cart
39:24 Squires
41:21 Chain Barding Armor
41:25 Heavy Plow
41:50 Pikeman
47:18 Leather Archer Armor
Nostro
19:09 Feudal Age
23:36 Double-Bit Axe
23:35 Horse Collar
28:11 Castle Age
26:37 Stone Mining
26:40 Gold Mining
29:47 Wheelbarrow
28:58 Loom
35:24 Imperial Age
33:51 Bloodlines
34:21 Hand Cart
33:52 Town Watch
36:12 Forging
36:08 Scale Barding Armor
36:48 Gold Shaft Mining
36:30 Bow Saw
36:23 Heavy Plow
35:50 Elite Steppe Lancer
38:00 Iron Casting
38:39 Steppe Husbandry
41:43 Blast Furnace
41:04 Chain Barding Armor
41:13 Conscription
43:54 Crop Rotation
44:14 Plate Barding Armor
47:15 Two-Man Saw
怒头堵紧
4:31 Loom
14:57 Feudal Age
16:40 Fishing Lines
20:11 Wheelbarrow
21:22 Double-Bit Axe
26:40 Castle Age
24:27 Town Watch
25:45 Gold Mining
25:46 Stone Mining
27:45 Gillnets
28:08 Medium Warships
28:33 Hand Cart
29:39 Gold Shaft Mining
29:27 Bow Saw
29:03 Horse Collar
32:05 Forging
32:00 Scale Barding Armor
35:28 Bloodlines
35:18 Husbandry
37:50 Iron Casting
37:36 Chain Barding Armor
43:21 Imperial Age
43:02 Cavalier
43:03 Light Cavalry
44:21 Plate Barding Armor
44:46 Blast Furnace
44:09 Conscription
43:15 Elite War Elephant
44:21 Savar
48:02 Guilds
49:36 Coinage
49:06 Caravan
49:14 Scale Mail Armor
49:15 Padded Archer Armor
49:06 Fletching
48:43 Man-at-Arms
48:43 Pikeman
49:23 Squires
49:10 Arson
49:23 Gambesons
49:00 Heavy Camel Rider
秋天的老丝瓜
10:59 Loom
17:02 Feudal Age
18:06 Town Watch
22:31 Horse Collar
22:44 Double-Bit Axe
24:14 Wheelbarrow
28:33 Castle Age
27:46 Gold Mining
28:40 Scale Barding Armor
28:46 Forging
29:37 Chain Barding Armor
30:23 Iron Casting
30:31 Heavy Plow
31:42 Gold Shaft Mining
32:27 Bloodlines
32:18 Husbandry
32:53 Scale Mail Armor
35:03 Hand Cart
35:07 Stone Mining
35:35 Chain Mail Armor
38:51 Arson
39:07 Squires
39:28 Town Patrol
43:53 Imperial Age
43:21 Fletching
44:00 Elite Konnik
45:19 Plate Barding Armor
45:45 Blast Furnace
45:16 Plate Mail Armor
47:48 Stone Shaft Mining
48:12 Crop Rotation
47:54 Siege Engineers
Rubick
6:33 Loom
14:13 Feudal Age
14:52 Double-Bit Axe
15:57 Fletching
20:36 Wheelbarrow
19:50 Horse Collar
20:27 Stone Mining
20:29 Gold Mining
21:26 Fishing Lines
25:00 Castle Age
24:13 Bloodlines
25:52 Thumb Ring
26:03 Bodkin Arrow
28:18 Ballistics
28:15 Padded Archer Armor
29:26 Hand Cart
30:03 Husbandry
31:38 Town Watch
34:27 Leather Archer Armor
34:55 Heavy Plow
35:18 Gillnets
36:47 Guard Tower
37:12 Yasama
40:29 Imperial Age
39:58 Gold Shaft Mining
42:17 Chemistry
41:28 Bracer
41:46 Treadmill Crane
42:16 Heavy Cavalry Archer
43:46 Ring Archer Armor
44:01 Parthian Tactics
45:09 Siege Engineers
47:13 Kataparuto
47:15 Conscription
46:36 Capped Ram
48:36 Bow Saw
Connection lost

Rejoining the realm…

Still unreachable

The connection could not be restored.

Session expired

The server has moved on; the page needs a fresh start.